 Dungeon Crawl Stone Soup version 0.28-a0-1227-ga9037bb4c8 (webtiles) character file.

Game seed: 3881808193806275708

26 MacCMillion the Conjurer (level 2, -1/20 HPs)
             Began as a Demigod Conjurer on Dec 22, 2021.
             Slain by a kobold (14 damage)
             ... on level 1 of the Dungeon.
             The game lasted 00:03:26 (845 turns).

MacCMillion the Conjurer (Demigod Conjurer)          Turns: 845, Time: 00:03:27

Health: -1/20      AC:  2    Str:  8    XL:     2   Next: 69%
Magic:  7/7        EV: 12    Int: 20    God:
Gold:   48         SH:  0    Dex: 12    Spells: 4/5 levels left

rFire   . . .      SeeInvis .   c - +0 quarterstaff (spect)
rCold   . . .      Faith    .   (shield currently unavailable)
rNeg    . . .      Spirit   .   a - +0 robe
rPois   .          Reflect  .   (no helmet)
rElec   .          Harm     .   (no cloak)
rCorr   .          Rampage  .   (no gloves)
Will    .....                   (no boots)
Stlth   ++........              (no amulet)
HPRegen 0.06/turn               (no ring)
MPRegen 0.10/turn               (no ring)

@: no status effects
A: high mp 1, forlorn, divine attributes
a: no special abilities


You were on level 1 of the Dungeon.
You visited 1 branch of the dungeon, and saw 1 of its levels.

You collected 48 gold pieces.

Inventory:

Hand Weapons
 b - a +0 short sword
 c - a +0 spectral quarterstaff (weapon)
Armour
 a - a +0 robe (worn)


   Skills:
 - Level 2.1 Dodging
 - Level 2.2 Stealth
 - Level 2.1 Spellcasting
 + Level 3.9 Conjurations


You had 4 spell levels left.
You knew the following spells:

 Your Spells              Type           Power      Damage    Failure   Level
a - Magic Dart            Conj           68%        1d6       3%          1

Your spell library contained the following spells:

 Spells                   Type           Power      Damage    Failure   Level
 Searing Ray              Conj           34%        2d5       4%          2
 Dazzling Flash           Conj/Hex       18%        N/A       22%         3
 Fulminant Prism          Conj/Hex       4%         3d6       56%         4
 Iskenderun's Mystic Bla  Conj/Tloc      9%         2d4       56%         4


Dungeon Overview and Level Annotations

Branches:
Dungeon (1/15)

Shops:
D:1 =:


Innate Abilities, Weirdness & Mutations

You have an increased reservoir of magic. (+10% MP)
You shall have no god before yourself.
Your divine heritage dramatically boosts your attributes as you level up.


Message History

Things that are here:
a +0 dagger; a goblin corpse
Things that are here:
a +0 dagger; a goblin corpse
Found 11 gold pieces.
A frilled lizard comes into view.
The frilled lizard hisses angrily.
The magic dart hits the frilled lizard.
You kill the frilled lizard!
You now have 48 gold pieces (gained 11).
Magic restored.
Found Punk's Book Shoppe.
You open the door.
There is an open door here.
There is an entrance to Punk's Book Shoppe here.
There is an open door here.
You see here a frilled lizard corpse.
You see here a frilled lizard corpse.
A hobgoblin comes into view.
A hobgoblin is nearby!
The magic dart hits the hobgoblin.
The hobgoblin is severely wounded.
The magic dart hits the hobgoblin.
The hobgoblin is almost dead.
The hobgoblin hits you.
You hit the hobgoblin.
You kill the hobgoblin!
No target in view!
A kobold comes into view.
It is wielding a +0 short sword of electrocution.
Found a ring mail.
The kobold shouts!
You closely miss the kobold.
The kobold hits you with a +0 short sword of electrocution.
The kobold closely misses you.
You miss the kobold. The kobold misses you.
You hit the kobold but do no damage.
The kobold hits you with a +0 short sword of electrocution.
You are electrocuted!
Ouch! That really hurt!
You die...

#######..##.#.....#
......###.#.#...#.#
.....##..##.##.##.#
.....#.###......#.#
.....##..##.#####.#
....(.###.#.# #.#
.....##..##>. #.#
.....#.### #.###.#
.....##..## #..K@.#
####..###.# #######
##.#..## #....#
######


You could see a kobold.

Vanquished Creatures
  A dart slug (D:1)
  3 ball pythons (D:1)
  4 endoplasms (D:1)
  3 giant cockroaches (D:1)
  A goblin (D:1)
  A hobgoblin (D:1)
  A quokka (D:1)
  2 bats (D:1)
  A frilled lizard (D:1)
  A kobold (D:1)
  4 rats (D:1)
22 creatures vanquished.

Notes
Turn   | Place    | Note
-------+----------+-------------------------------------------
     0 | D:1      | MacCMillion the Demigod Conjurer began the quest for the
                  | Orb.
     0 | D:1      | Reached XP level 1. HP: 14/14 MP: 5/5
   331 | D:1      | Reached XP level 2. HP: 20/20 MP: 1/7
   461 | D:1      | Found Inyu's Jewellery Boutique.
   775 | D:1      | Found Punk's Book Shoppe.
   845 | D:1      | Slain by a kobold

Illustrated notes

Levels and vault maps discovered:
D:1:      ebering_hopf_link, layout_basic, serial_shops,
          nicolae_shop_window_shopping, shop, nicolae_shop_bloodbath_and_beyond,
          grunt_decor_resistance, minivault_27

Skill      XL: |  1 |
---------------+----+-----
Dodging        | 2 |  2.1
Stealth        | 2 |  2.2
Spellcasting   | 2 |  2.1
Conjurations   | |  3.9

Action                   || total
-------------------------++-------
Melee: Short sword       ||     5
       Unarmed           ||     1
       Quarterstaff      ||     5
 Cast: Magic Dart        ||    46
Dodge: Dodged            ||     9

Table legend: (Time is in decaauts)
 A = Elapsed time spent in this place.
 B = Non-inter-level travel time spent in this place.
 C = Inter-level travel time spent in this place.
 D = Time resting spent in this place.
 E = Time spent auto-exploring this place.
 F = Levels seen in this place.
 G = Mean time per level.
                   A        B        C        D        E       F      G
               +--------+--------+--------+--------+--------+-----+--------+
         Total |    846 |    846 |      0 |    146 |    558 |   1 |  846.0 |
       Dungeon |    846 |    846 |      0 |    146 |    558 |   1 |  846.0 |
               +--------+--------+--------+--------+--------+-----+--------+

Top non-repeatable levels by time:
     D:1: 846 daAuts
